 Dungeon Crawl Stone Soup version 0.26-a0-388-gf3277c4969 (webtiles) character file.

Game seed: 16468513518561333846

44 KristoblXynda the Slasher (level 3, 0/43 HPs)
             Began as a Draconian Gladiator on July 21, 2020.
             Succumbed to a worker ant's poison
             ... on level 2 of the Dungeon.
             The game lasted 00:01:07 (849 turns).

KristoblXynda the Slasher (Draconian Gladiator)      Turns: 849, Time: 00:01:07

Health: 0/43       AC: 21    Str: 17    XL:     3   Next: 39%
Magic:  3/3        EV:  2    Int:  8    God:
Gold:   99         SH:  0    Dex: 12    Spells: 2/2 levels left

rFire    . . .     SeeInvis .   a - +0 long sword
rCold    . . .     Faith    .   (no shield)
rNeg     + + +     Spirit   .   (armour unavailable)
rPois    +         Reflect  .   (helmet currently unavailable)
rElec    .         Harm     .   (cloak currently unavailable)
rCorr    .         NoTele   +   (gloves currently unavailable)
MR       .....                  (boots currently unavailable)
Stlth    +.........             (no amulet)
HPRegen  0.14/turn              (no ring)
MPRegen  0.08/turn              (no ring)

@: lethally poisoned (0 -> -3), tree-form
A: unfitting armour, AC +5
a: no special abilities


You were on level 2 of the Dungeon.
You were a tree.
You visited 1 branch of the dungeon, and saw 2 of its levels.

You collected 99 gold pieces.

Inventory:

Hand Weapons
 a - a +0 long sword (weapon)
Missiles
 c - 3 throwing nets (quivered)
Armour
 b - a +0 hat (melded)
Scrolls
 d - 2 scrolls of teleportation {unknown}
 e - a scroll of immolation {unknown}
 f - a scroll of enchant armour {unknown}
 g - a scroll of fog {unknown}
 h - 2 scrolls of remove curse {unknown}
 k - a scroll of identify {unknown}


   Skills:
 - Level 2.1 Fighting
 * Level 4.0 Long Blades
 - Level 2.0 Throwing
 + Level 3.1 Dodging


You had 2 spell levels left.
You didn't know any spells.
Your spell library was empty.

Dungeon Overview and Level Annotations

Branches:
Dungeon (2/15)

Altars:


Innate Abilities, Weirdness & Mutations

((Your plain brown scales are hard. (AC +5)))
You cannot fit into any form of body armour.
((You are cold-blooded and may be slowed by cold attacks.))


Message History

Your Dodging skill increases to level 3!
You have reached level 3!
Your experience leads to an increase in your attributes!
Increase (S)trength, (I)ntelligence, or (D)exterity?
You feel stronger.
Your scales feel tougher.
* * * LOW HITPOINT WARNING * * *
You feel sick.
There is an open door here.
Unknown command.
There is an open door here.
* * * LOW HITPOINT WARNING * * *
You feel sick.
There is an open door here.
There is an open door here.
* * * LOW HITPOINT WARNING * * *
You feel sick.
There is an open door here.
There is an open door here.
There is an open door here.
You die...

####.....## #.#..###.#
...#.......## #.#...##.#
............###........#
...........'..........#
...........##.........#
#......†###......<..#
##.....## #.........#
##...## ##.......##
##♣## ##.....## #†#
##.<.## #.# ##.# #.# ...
... #.. ....


There were no monsters in sight!

Vanquished Creatures
  A worker ant (D:2)
  A worm (D:2)
  A leopard gecko (D:2)
  A giant cockroach (D:1)
  3 hobgoblins (D:1)
  2 bats (D:1)
  2 goblins (D:1)
  4 kobolds
  2 rats (D:1)
17 creatures vanquished.

Notes
Turn   | Place    | Note
-------+----------+-------------------------------------------
     0 | D:1      | KristoblXynda the Draconian Gladiator began the quest for
                  | the Orb.
     0 | D:1      | Reached XP level 1. HP: 17/17 MP: 1/1
   279 | D:1      | Reached XP level 2. HP: 22/24 MP: 2/2
   843 | D:2      | Reached skill level 4 in Long Blades
   843 | D:2      | Reached XP level 3. HP: 3/29 MP: 3/3
   843 | D:2      | HP: 2/43 [poisoned by a worker ant]
   849 | D:2      | Succumbed to a worker ant's poison

Illustrated notes

Levels and vault maps discovered:
D:1:      mushboom_english_gardens, layout_loops_ring, minmay_pentomino_x2
D:2:      layout_loops_corners, nicolae_overflow_hidden_temple,
          kennysheep_generic_room_5, uniq_natasha

Skill      XL: |  1  2 |
---------------+-------+-----
Throwing       | 2 |  2.0
Long Blades    | 4 |  4.0
Dodging        | 3 |  3.1
Fighting       | |  2.1

Action                   || total
-------------------------++-------
Melee: Long sword        ||    45
       Tailslap          ||     3
  Use: Potion            ||     2
Armor: Skin              ||    24
Dodge: Dodged            ||    46
       Rpst.: Long sword ||    18

Table legend: (Time is in decaauts)
 A = Elapsed time spent in this place.
 B = Non-inter-level travel time spent in this place.
 C = Inter-level travel time spent in this place.
 D = Time resting spent in this place.
 E = Time spent auto-exploring this place.
 F = Levels seen in this place.
 G = Mean time per level.
                   A        B        C        D        E       F      G
               +--------+--------+--------+--------+--------+-----+--------+
         Total |    859 |    835 |     24 |      0 |    631 |   2 |  429.5 |
       Dungeon |    859 |    835 |     24 |      0 |    631 |   2 |  429.5 |
               +--------+--------+--------+--------+--------+-----+--------+
Top levels by time: D:1: 678 daAuts D:2: 180 daAuts
